 Dungeon Crawl Stone Soup version 0.29.0-4-gdea44cf6ec (webtiles) character file.

Game seed: 13395011039142601358

6981 ProzacElf the Basher (level 10, 0/74 HPs)
             Began as a Demonspawn Fighter on Aug 27, 2022.
             Was a Priest of Fedhas.
             Slain by a two-headed ogre
             ... wielding a +0 giant club
              (14 damage)
             ... on level 10 of the Dungeon.
             The game lasted 00:24:57 (8730 turns).

ProzacElf the Basher (Demonspawn Fighter)           Turns: 8730, Time: 00:24:58

Health: 0/74       AC: 17    Str: 23 (24) XL:     10   Next: 81%
Magic:  17/17      EV:  8    Int:  9 (11) God:    Fedhas [***...]
Gold:   601        SH:  0    Dex: 13 (14) Spells: 6/9 levels left

rFire   . . .      SeeInvis .   a - +1 dire flail (venom)
rCold   + . .      Faith    .   (shield currently unavailable)
rNeg    . . .      Spirit   .   y - +0 chain mail
rPois   .          Reflect  .   i - +1 hat
rElec   .          Harm     .   T - +1 cloak
rCorr   .          Rampage  .   (no gloves)
Will    .....                   X - +0 pair of boots
Stlth   ..........              k - amulet of regeneration
HPRegen 1.02/turn               I - ring of protection from cold
MPRegen 0.15/turn               R - +6 ring of strength

@: no status effects
A: slimy green scales 2, demonic magic 2, weakness stinger 1
a: Renounce Religion, Wall of Briars, Grow Ballistomycete


You were on level 10 of the Dungeon.
You worshipped Fedhas.
Fedhas was most pleased with you.
You visited 2 branches of the dungeon, and saw 11 of its levels.
You also visited: Sewer.

You collected 601 gold pieces.

Inventory:

Hand Weapons
 a - a +1 dire flail of venom (weapon)
 b - a +4 war axe
 h - a +0 dagger of draining
 s - a +0 shortbow of freezing
 u - a +2 falchion of protection
 z - a +0 dagger of pain
 B - a +0 flail
 E - a +0 sling
 O - a +0 morningstar
 P - a +4 dagger
 S - a +2 whip of electrocution
 V - a +4 short sword of draining
Missiles
 C - 38 poisoned darts (quivered)
 J - 3 boomerangs
 L - 2 curare-tipped darts
Armour
 c - a +0 buckler
 i - a +1 hat (worn)
 y - a +0 chain mail (worn)
 G - a +3 leather armour of fire resistance
 M - a +0 tower shield
 Q - +0 acid dragon scales
 T - a +1 cloak (worn)
 U - a +0 plate armour
 X - a +0 pair of boots (worn)
Jewellery
 k - an amulet of regeneration (around neck)
 l - a ring of fire
 I - a ring of protection from cold (left hand)
 N - a ring of wizardry
 R - a +6 ring of strength (right hand)
Wands
 d - a wand of flame (38)
 e - a wand of quicksilver (11)
 x - a wand of mindburst (20)
 D - a wand of digging (3)
 H - a wand of roots (8)
 W - a wand of paralysis (2)
Scrolls
 f - 3 scrolls of enchant weapon {unknown}
 g - 11 scrolls of identify
 j - a scroll of poison {unknown}
 m - 2 scrolls of enchant armour {unknown}
 n - 3 scrolls of magic mapping
 p - 2 scrolls of brand weapon {unknown}
 q - 2 scrolls of blinking {unknown}
 w - a scroll of summoning {unknown}
 A - 2 scrolls of teleportation {unknown}
 F - a scroll of vulnerability {unknown}
 K - a scroll of fear {unknown}
Potions
 o - 3 potions of haste
 r - a potion of attraction
 t - 2 potions of might
 v - a potion of magic
 Z - a potion of ambrosia {unknown}


   Skills:
 - Level 5.0 Fighting
 + Level 11.3 Maces & Flails
 - Level 5.0 Armour
 - Level 2.6 Shields
 - Level 10.0 Invocations
 + Level 5.7 Evocations


You had 6 spell levels left.
You knew the following spells:

 Your Spells              Type           Power      Damage    Failure   Level
a - Magic Dart            Conj           0%         1d3       96%         1
b - Scorch                Fire           0%         2d5       99%         2

Your spell library contained the following spells:

 Spells                   Type           Power      Damage    Failure   Level
 Beastly Appendage        Tmut           0%         N/A       96%         1
 Ensorcelled Hibernation  Hex/Ice        0%         N/A       99%         2
 Passwall                 Tmut/Erth      0%         N/A       99%         2
 Searing Ray              Conj           0%         2d4       99%         2
 Swiftness                Air            0%         N/A       100%        3
 Fulminant Prism          Conj/Hex       0%         3d6       100%        4
 Summon Forest            Summ/Tloc      0%         N/A       100%        5
 Dispersal                Tloc           0%         N/A       100%        6
 Eringya's Noxious Bog    Tmut/Pois      0%         N/A       100%        6
 Summon Hydra             Summ           0%         N/A       100%        7
 Disjunction              Tloc           0%         N/A       100%        8
 Infestation              Necr           0%         N/A       100%        8


Dungeon Overview and Level Annotations

Branches:
Dungeon (10/15)            Temple (1/1) D:6            Lair (0/5) D:10
  Sewer (visited)
    Orc: D:9-12

Altars:
Ashenzari
Cheibriados
Dithmenos
Fedhas
Gozag
Hepliaklqana
Kikubaaqudgha
Makhleb
Nemelex Xobeh
Okawaru
Qazlal
Ru
Sif Muna
Trog
Uskayaw
Vehumet
Wu Jian
Xom
Yredelemnul

Annotations:
D:10 1 transporter


Innate Abilities, Weirdness & Mutations

You are mostly covered in slimy green scales. (AC +3)
Spells you cast may paralyse nearby enemies.
You have a small tail.


Message History

Tha two-headed ogre hits ye wit' a +0 giant spiked club.
Ye take 11 damage, an' haf 48/74 hp.
Ye closely miss tha two-headed ogre.
Yer tail-slap misses tha two-headed ogre.
Tha two-headed ogre be lightly wounded.
Ye feel less confused.
Ye closely miss tha two-headed ogre.
Tha two-headed ogre be lightly wounded.
Tha two-headed ogre hits ye wit' a +0 giant club!!
Tha two-headed ogre hits ye wit' a +0 giant spiked club!
* * * LOW HITPOINT WARNIN'
* * * Ye take 35 damage, an' haf 15/74 hp.
MASSIVE DAMAGE!!
Tha orc wizard casts a spell at ye.
Ye be confused.
It was a potion o' cancellation.
Yer magical effects be unravellin'.
Ye feel magic'lly purged.
Ye feel less confused.
Tha orc hits ye but does nay damage.
Tha two-headed ogre closely misses ye.
Tha two-headed ogre hits ye wit' a +0 giant spiked club!
* * * LOW HITPOINT WARNIN'
* * * Ye take 10 damage, an' haf 6/74 hp.
As ye read tha scroll labelled ARAPIM MAROIRE, it crumbles ta dust.
Ye feel aware o' yer surroundin's.
Ye sensed 1 shop/portal.
It was a scroll o' magic mappin'.
Tha orc wizard hits ye but does nay damage.
Tha orc hits ye but does nay damage.
Tha orc wizard gestures at ye while chantin'.
Tha magic dart hits ye but does nay damage.
Tha orc wizard mumbles some strange words.
Tha orc wizard flickers an' vanishes!
Deactivatin' autopickup; reactivate wit' Ctrl-A.
Tha two-headed ogre attacks as ye move away!
Tha two-headed ogre hits ye but does nay damage. x2
Tha two-headed ogre attacks as ye move away!
Tha two-headed ogre hits ye wit' a +0 giant club.
* * * LOW HITPOINT WARNIN'
* * * Tha two-headed ogre hits ye wit' a +0 giant spiked club!
Ye die...
Fedhas appreciates yer contribution ta tha ecosystem.

*...........................
******.##...#.###.##.....©......#
,,,,,,.........<#.##.#########=.#
**,***.##.#.#†###.##.#8P$©$P8#...
*,*##,*#.#.#†# #o##.#~.)|=.~#...
*,*#...###.#.# #.##.####+####...
*,*#.........# #.##.#o≈...≈K#..#
**,*#...###.#####O##.#K≈...≈o#...
,,,,............@.##.#.≈~~~≈.#..,
****##...##.#.#####*,*,~~*~~,*,,,
#...##.#.....##,*,~~~~~,*,,,
#....#.#.#....#,*,~,,,~,*,,*
#....#.#.#....#,*,~,,,~,*,,,
#####.#.#.).#....#,****+****,**
#......PPPPP#....#,*~,,,,,~*,**
#.###..P...P.....#,*8~,©,~8*,**
#.#...#P...P.##.##,*********,**


You could see a two-headed ogre and an orc.

Vanquished Creatures
  Pikel (D:8)
  A manticore (D:9)
  Prince Ribbit (D:9)
  Sigmund (D:3)
  A wyvern (D:8)
  8 yaks
  2 steam dragons
  Edmund (D:6)
  3 acid dragons
  A water moccasin (D:5)
  2 orc warriors (D:9)
  2 black bears
  3 ice beasts
  An ogre (D:4)
  5 centaurs
  3 phantoms
  5 kobold brigands
  6 bullfrogs
  A necrophage (D:5)
  A gnoll sergeant (D:8)
  2 scorpions
  10 wights
  4 killer bees (D:9)
  A howler monkey (D:5)
  A crimson imp (D:6)
  2 jellies
  A hound (D:6)
  4 orc priests
  Ijyb (D:5)
  3 iguanas
  An orc wizard (D:9)
  2 gnolls
  9 adders
  A river rat (D:4)
  A shadow imp (D:6)
  A white imp (D:7)
  5 ufetubi
  3 worms
  3 dart slugs
  6 orcs
  13 ball pythons
  9 endoplasms
  14 giant cockroaches
  11 goblins
  6 hobgoblins
  8 jackals
  32 kobolds
  10 quokkas
  5 bats
  11 frilled lizards
  7 rats
236 creatures vanquished.

Vanquished Creatures (others)
  2 gnolls (D:8)
  A bush (D:10)
  2 fungi (D:10)
  8 plants (D:10)
13 creatures vanquished.

Grand Total: 249 creatures vanquished

Notes
Turn   | Place    | Note
-------+----------+-------------------------------------------
     0 | D:1      | ProzacElf the Demonspawn Fighter began the quest for the
                  | Orb.
     0 | D:1      | Reached XP level 1. HP: 18/18 MP: 1/1
   138 | D:1      | Reached skill level 2 in Maces & Flails
   292 | D:1      | Gained mutation: You have a small tail. [demonic ancestry]
   292 | D:1      | Reached XP level 2. HP: 22/24 MP: 2/2
  1057 | D:1      | Reached XP level 3. HP: 29/29 MP: 3/3
  1268 | D:2      | Found a faded altar of an unknown god.
  1278 | D:2      | Prayed at the altar of an unknown god.
  1278 | D:2      | Became a worshipper of Vehumet
  1278 | D:2      | Reached * piety under Vehumet
  1278 | D:2      | Offered knowledge of Magic Dart by Vehumet.
  1296 | D:2      | Got the Lessons on Loathsome Sculpting
  1322 | D:2      | Learned a level 1 spell: Magic Dart
  1480 | D:2      | Offered knowledge of Shock by Vehumet.
  1542 | D:2      | Reached ** piety under Vehumet
  1673 | D:2      | Reached skill level 3 in Maces & Flails
  1789 | D:2      | Gained mutation: Spells you cast may paralyse adjacent
                  | enemies. [demonic ancestry]
  1789 | D:2      | Reached XP level 4. HP: 28/35 MP: 4/4
  2095 | D:3      | Reached XP level 5. HP: 38/41 MP: 5/5
  2263 | D:3      | Noticed Sigmund
  2278 | D:3      | Killed Sigmund
  2279 | D:3      | Reached skill level 4 in Maces & Flails
  2279 | D:3      | Gained mutation: You are partially covered in slimy green
                  | scales. (AC +2) [demonic ancestry]
  2279 | D:3      | Reached XP level 6. HP: 46/47 MP: 6/6
  2336 | D:3      | Found a snail-covered altar of Cheibriados.
  2506 | D:3      | Offered knowledge of Scorch by Vehumet.
  2569 | D:3      | Reached skill level 5 in Armour
  2610 | D:3      | Learned a level 2 spell: Scorch
  2849 | D:4      | Reached skill level 5 in Maces & Flails
  3075 | D:4      | Reached XP level 7. HP: 49/52 MP: 7/7
  3134 | D:4      | Reached skill level 6 in Maces & Flails
  3273 | D:4      | Reached *** piety under Vehumet
  3300 | D:4      | Found a glowing drain.
  3304 | Sewer    | Entered a sewer
  3412 | Sewer    | Offered knowledge of Frozen Ramparts by Vehumet.
  3537 | Sewer    | Reached skill level 7 in Maces & Flails
  3916 | D:5      | Entered Level 5 of the Dungeon
  3928 | D:5      | Gained mutation: Spells you cast may paralyse nearby
                  | enemies. [demonic ancestry]
  3928 | D:5      | Reached XP level 8. HP: 53/58 MP: 8/8
  3994 | D:5      | Noticed Ijyb
  4011 | D:5      | Killed Ijyb
  4148 | D:5      | Reached skill level 8 in Maces & Flails
  4413 | D:5      | Reached skill level 9 in Maces & Flails
  4431 | D:5      | Reached **** piety under Vehumet
  4773 | D:6      | Found a staircase to the Ecumenical Temple.
  4780 | Temple   | Entered the Ecumenical Temple
  4787 | Temple   | Fell from the grace of Vehumet
  4787 | Temple   | Became a worshipper of Fedhas Madash
  5161 | D:6      | Noticed Edmund
  5177 | D:6      | Killed Edmund
  5178 | D:6      | Reached skill level 10 in Maces & Flails
  5178 | D:6      | Reached skill level 1 in Invocations
  5178 | D:6      | Reached XP level 9. HP: 15/64 MP: 8/10
  5272 | D:6      | Found a burning altar of Makhleb.
  6008 | D:7      | Reached * piety under Fedhas
  6243 | D:8      | Reached skill level 5 in Fighting
  6243 | D:8      | Reached skill level 5 in Invocations
  6697 | D:8      | Gained mutation: You are mostly covered in slimy green
                  | scales. (AC +3) [demonic ancestry]
  6697 | D:8      | Reached XP level 10. HP: 52/74 MP: 17/17
  6704 | D:8      | Reached skill level 10 in Invocations
  6709 | D:8      | Reached skill level 1 in Evocations
  6902 | D:8      | Found a radiant altar of Vehumet.
  6924 | D:8      | Noticed Pikel
  6941 | D:8      | Killed Pikel
  6941 | D:8      | Reached ** piety under Fedhas
  7626 | D:9      | Noticed a manticore
  7657 | D:9      | Killed a manticore
  7904 | D:9      | Noticed Prince Ribbit
  7929 | D:9      | Killed Prince Ribbit
  8353 | D:9      | Reached skill level 11 in Maces & Flails
  8461 | D:9      | Reached skill level 5 in Evocations
  8573 | D:10     | Entered Level 10 of the Dungeon
  8657 | D:10     | Reached *** piety under Fedhas
  8688 | D:10     | Found a transporter.
  8702 | D:10     | Noticed a two-headed ogre
  8730 | D:10     | Slain by a two-headed ogre

Illustrated notes

Levels and vault maps discovered:
D:1:      nzn_arrival_water_spiral, layout_basic, minmay_pentomino_s4
D:2:      layout_basic, nicolae_ecumenical_pavilion, minmay_split_cup_small
D:3:      layout_basic, mainiacjoe_overflow_concentric_impassable, st_stairs_11,
          hex_medium, uniq_sigmund
D:4:      layout_loops_ring, gup_sewer_entry_spiral
D:5:      layout_loops_ring, uniq_ijyb
D:6:      layout_basic, makhleb_grotto_becter, minmay_temple_entry_wispy,
          uniq_edmund
D:7:      layout_loops_cross
D:8:      layout_basic, marbit_many_paths, fiery_altar_vehumet, uniq_pikel
D:9:      layout_stronghold, minmay_misc_feat_rugged, uniq_prince_ribbit1
D:10:     gammafunk_wand_slinger, layout_basic, minmay_lair_entry_grove,
          serial_shops, nicolae_stop_n_shop_2, minmay_gold_behind_fungi,
          minivault_21
Temple:   nicolae_temple_no_exploring_needed

Skill      XL: |  1  2  3  4  5  6  7  8  9 10 |
---------------+-------------------------------+-----
Maces & Flails | 2 3 4 5 7 10 11 | 11.3
Armour         | 3 4 5 |  5.0
Invocations    | 1 9 10 | 10.0
Fighting       | 5 |  5.0
Evocations     | 5 |  5.7
Shields        | |  2.6

Action                   |  1- 3 |  4- 6 |  7- 9 | 10-12 || total
-------------------------+-------+-------+-------+-------++-------
Melee: Flail             |   110 |   119 |   229 |       ||   458
       Tailslap          |     7 |    16 |    54 |    28 ||   105
       War axe           |       |       |    50 |       ||    50
       Dire flail        |       |       |   150 |   169 ||   319
  Use: Potion            |       |     3 |     3 |     8 ||    14
       Scroll            |       |       |       |     3 ||     3
 Stab: Sleeping          |       |       |     1 |       ||     1
Armor: Scale mail        |    73 |    62 |    81 |       ||   216
       Chain mail        |       |       |   140 |    99 ||   239
Dodge: Dodged            |    62 |    59 |   180 |    56 ||   357
Block: Buckler           |    26 |    18 |    82 |       ||   126
